 Dungeon Crawl Stone Soup version 0.21-a0-225-g207ae17 (webtiles) character file.

219 Goblin1989 the Insei (level 5, -8/33 HPs)
             Began as an Octopode Transmuter on Aug 29, 2017.
             Killed from afar by an orc wizard (9 damage)
             ... with a magic dart
             ... on level 4 of the Dungeon.
             The game lasted 00:09:51 (3441 turns).

Goblin1989 the Insei (Octopode Transmuter)          Turns: 3441, Time: 00:09:54

Health: -8/33      AC:  1    Str:  6 (9)  XL:     5   Next: 96%
Magic:  2/8        EV: 13    Int: 14 (17) God:
Gold:   116        SH:  3    Dex: 10 (12) Spells: 5/8 levels left

rFire    + . .     SeeInvis .     - Unarmed
rCold    . . .     Gourm    .   u - +0 buckler
rNeg     . . .     Faith    .   (helmet restricted)
rPois    +         Spirit   .   Z - amulet of magic regeneration
rElec    .         Reflect  .   o - ring of poison resistance
rCorr    .         Harm     .   x - ring of stealth
MR       .....                  f - ring of protection from fire
Stlth    +++.......             D - ring of loudness (curse)
HPRegen  0.11/turn              (no ring)
MPRegen  0.36/turn              (no ring)
                                (no ring)
                                (no ring)

@: appendage, very slightly contaminated
A: almost no armour, stealthy swim, amphibious, 8 rings, constrict 8, tentacle
spike 3, camouflage 1, gelatinous body 1
a: End Transformation


You were on level 4 of the Dungeon.
You were hungry.
One of your tentacles had a temporary spike.
You visited 1 branch of the dungeon, and saw 4 of its levels.

You collected 116 gold pieces.

Inventory:

Hand Weapons
 V - a +2 short sword of freezing
Missiles
 a - 7 arrows
 s - 37 stones (quivered)
 y - 52 bolts
 U - 30 sling bullets
Armour
 u - a +0 buckler (worn)
Jewellery
 f - a ring of protection from fire (on tentacle)
 o - a ring of poison resistance (left tentacle)
 x - a ring of stealth (right tentacle)
 D - a cursed ring of loudness (on tentacle)
 Z - an amulet of magic regeneration (around mantle)
Scrolls
 R - a scroll of identify {@r1}
 T - 2 scrolls of teleportation {!r, @r3}
 X - a scroll of remove curse {unknown}
Potions
 h - a potion of lignification {unknown}
 p - a potion of heal wounds {unknown}
 r - a potion of magic
 W - a potion of degeneration
Books
 b - a book of Changes

   Spells                             Type                      Level
   a - Beastly Appendage              Transmutation                1
   b - Sticks to Snakes               Transmutation                2
   c - Spider Form                    Transmutation/Poison         3
   d - Ice Form                       Ice/Transmutation            4
   e - Blade Hands                    Transmutation                5
Comestibles
 e - 3 bread rations {@e1}
 t - 3 meat rations {@e2}
 Y - 2 chunks of flesh


   Skills:
 + Level 1.5 Fighting
 + Level 3.3 Dodging
 + Level 3.0 Stealth
 + Level 1.3 Shields
 * Level 4.2 Unarmed Combat
 - Level 2.0 Spellcasting
 + Level 2.9 Transmutations


You had 5 spell levels left.
You knew the following spells:

 Your Spells              Type           Power        Failure   Level  Hunger
a - Beastly Appendage     Tmut           #.....       10%         1    ##.....
b - Sticks to Snakes      Tmut           #.......     16%         2    ###....


Dungeon Overview and Level Annotations

Branches:
Dungeon (4/15)
 Temple: D:4-7

Altars:
Ashenzari
Elyvilon
Qazlal

Annotations:
D:3 Robin


Innate Abilities, Weirdness & Mutations

You cannot wear most types of armour.
You are very stealthy in the water. (Stealth+)
You are amphibious.
You can wear up to eight rings at the same time.
You can use your tentacles to constrict eight enemies at once.
Your skin changes colour to match your surroundings (Stealth+).
Your rubbery body absorbs attacks. (AC +1, EV +1)
One of your tentacles bears a large vicious spike.


Message History

You miscast Sticks to Snakes.
Strange energies run through your body.
The jackal barks!
The hound bites you.
You take 4 damage, and have 21/33 hp.
You now have 3/8 mp.
Unknown command.
Casting: Sticks to Snakes
Confirm with . or Enter, or press ? or * to list all spells.
One of your tentacles grows a vicious spike.
You block the hound's attack.
Your adder bites the hound.
The hound bites your adder.
You now have 2/8 mp.
Unknown command.
The jackal barks!
You tentacle-slap the hound. You grab the hound.
You squeeze the hound, but do no damage.
The hound is severely wounded.
You constrict the hound.
Your adder bites the hound.
The hound is poisoned.
Your adder poisons the hound!
The hound pauses to sniff the ground.
The hound closely misses your adder. The orc completely misses your adder.
You tentacle-slap the hound.
You kill the hound!
The orc closely misses your adder.
You barely miss the jackal. Your grab misses the jackal.
You pierce the jackal, but do no damage.
You block the jackal's attack.
Your adder closely misses the jackal.
The jackal bites your adder. The orc hits your adder with a flail.
The orc wizard completely misses your adder.
You tentacle-slap the jackal.
You kill the jackal!
The orc wizard completely misses your adder.
Casting: Beastly Appendage
Confirm with . or Enter, or press ? or * to list all spells.
You create a snake!
You now have 8 arrows.
The jackal bites you.
The orc wizard hits your adder but does no damage.
The orc hits your adder with a flail.
Your adder dies!
The jackal bites you.
You take 6 damage, and have 15/33 hp.
You now have 2/8 mp.
Casting: Sticks to Snakes
Confirm with . or Enter, or press ? or * to list all spells.
You create a snake!
You now have 7 arrows.
You are feeling hungry.
The jackal bites you.
* * * LOW HITPOINT WARNING * * *
The orc wizard casts a spell.
The orc wizard blinks!
You take 1 damage, and have 14/33 hp.
You now have 0/8 mp.
You swap places.
The orc wizard hits you but does no damage.
Your ball python barely misses the jackal.
Your ball python grabs the jackal.
Your ball python constricts the jackal.
The jackal closely misses your ball python.
You tentacle-slap the orc wizard. Your grab misses the orc wizard.
You pierce the orc wizard.
The orc wizard is moderately wounded.
The orc wizard hits you with a dagger.
* * * LOW HITPOINT WARNING * * *
The jackal closely misses your ball python.
Your ball python bites the jackal.
Your ball python constricts the jackal.
The orc hits your ball python with a flail.
Your ball python dies!
Your ball python bites the orc wizard but does no damage.
Your ball python grabs the orc wizard.
Your ball python constricts the orc wizard.
The orc wizard misses you.
You take 3 damage, and have 11/33 hp.
You tentacle-slap the orc wizard but do no damage.
You pierce the orc wizard, but do no damage.
The orc wizard is moderately wounded.
The orc wizard hits you with a dagger.
* * * LOW HITPOINT WARNING * * *
Your ball python barely misses the orc wizard.
Your ball python constricts the orc wizard.
The jackal closely misses your ball python.
The jackal closely misses you.
You take 2 damage, and have 9/33 hp.
You tentacle-slap the orc wizard but do no damage.
The orc wizard is moderately wounded.
The orc wizard closely misses you. The jackal bites your ball python.
Your ball python closely misses the jackal.
Your ball python constricts the orc wizard.
The jackal misses you.
Unknown command.
You tentacle-slap the orc wizard.
The orc wizard is heavily wounded.
The orc wizard hits you with a dagger.
* * * LOW HITPOINT WARNING * * *
The jackal bites your ball python.
Your ball python dies!
The jackal closely misses you. The orc wizard hits you with a dagger.
* * * LOW HITPOINT WARNING * * *
You take 8 damage, and have 1/33 hp.
MASSIVE DAMAGE!!
It was a potion of degeneration.
There was something very wrong with that liquid.
You feel weakened.
You feel dopey.
You feel clumsy. The jackal barely misses you. The jackal misses you.
The orc wizard points at you and mumbles some strange words.
The magic dart hits you!
You die... █████████

█.......█ █o......█ █
█@......█ .███..
████hh.....█ ......
██..ho......█ ...█..
███..█.o......█
...█.████...█o..█.█████
.....⌂...█.███...█.██
...██.█$..........(.█
█..................█
███................█


You could see an orc wizard, 3 orcs and 3 jackals.

Vanquished Creatures
  A hound (D:4)
  An orc wizard (D:3)
  4 gnolls (D:2)
  5 adders
  An ooze (D:3)
  A worm (D:3)
  2 dart slugs (D:1)
  A leopard gecko (D:3)
  7 orcs
  A ball python (D:1)
  7 bats
  3 giant cockroaches
  10 goblins
  7 hobgoblins
  A jackal (D:4)
  5 kobolds
  7 frilled lizards
  11 rats
75 creatures vanquished.

Notes
Turn   | Place    | Note
-------+----------+-------------------------------------------
     0 | D:1      | Goblin1989 the Octopode Transmuter began the quest for the Orb.
     0 | D:1      | Reached XP level 1. HP: 13/13 MP: 3/3
   135 | D:1      | Reached XP level 2. HP: 18/18 MP: 5/5
   147 | D:1      | Reached skill level 1 in Stealth
   340 | D:1      | Reached XP level 3. HP: 23/23 MP: 6/6
   885 | D:2      | Found a white marble altar of Elyvilon.
  1078 | D:2      | Reached XP level 4. HP: 7/28 MP: 5/7
  1399 | D:1      | Learned a level 2 spell: Sticks to Snakes
  1927 | D:2      | Reached skill level 1 in Shields
  2138 | D:3      | Reached XP level 5. HP: 18/33 MP: 8/8
  2451 | D:3      | Found a stormy altar of Qazlal.
  2744 | D:3      | Reached skill level 4 in Unarmed Combat
  2809 | D:3      | Noticed Robin
  3409 | D:4      | Found a shattered altar of Ashenzari.
  3440 | D:4      | HP: 1/33 [orc wizard/dagger (4)]
  3441 | D:4      | Killed from afar by an orc wizard

Vault maps used:
D:1:      shiori_arrival_maze, minivault_26
D:2:      lemuel_coloured_pillars_altar
D:3:      cheibrodos_helix_gallery, lemuel_crystal_altar, grunt_ministairs_13,
          uniq_robin
D:4:      ashenzari_altar_1, uniq_ijyb

Skill      XL: |  1  2  3  4  5 |
---------------+----------------+-----
Stealth        | 1 2 3 |  3.0
Dodging        | 3 |  3.3
Shields        | 1 |  1.3
Unarmed Combat | 4 |  4.2
Fighting       | |  1.5
Spellcasting   | |  2.0
Transmutations | |  2.9

Action                   |  1- 3 |  4- 6 || total
-------------------------+-------+-------++-------
Melee: Unarmed           |    62 |   131 ||   193
       Tentacles         |    14 |    15 ||    29
       Constrict         |    13 |    32 ||    45
       Kick              |     1 |     9 ||    10
       Punch             |       |     3 ||     3
Throw: Stone             |       |     2 ||     2
 Cast: Beastly Appendage |     1 |     3 ||     4
       Sticks to Snakes  |       |     5 ||     5
  Use: Scroll            |       |     5 ||     5
       Potion            |       |     1 ||     1
 Stab: Sleeping          |    11 |     6 ||    17
  Eat: Chunk             |       |     8 ||     8
Armor: Skin              |     1 |     9 ||    10
Dodge: Dodged            |    27 |    84 ||   111
Block: Buckler           |     5 |    23 ||    28

Table legend:
 A = Spawn XP
 B = Non-spawn XP
 C = Spawn XP percentage of total XP
 D = Spawn monster count
 E = Non-spawn monster count
 F = Spawn count percentage of total count
 G = Total turns spent on level
                    A         B        C        D         E        F      G
               +---------+---------+-------+---------+---------+-------+---------
         Total |      56 |     257 |  17.9 |      12 |      63 |  16.0 |  3441
               +---------+---------+-------+---------+---------+-------+---------
           D:1 |      18 |      31 |  36.7 |       5 |      17 |  22.7 |  1211
           D:2 |      17 |      96 |  15.0 |       3 |      21 |  12.5 |  1076
           D:3 |      21 |      95 |  18.1 |       4 |      23 |  14.8 |  1103
           D:4 |       0 |      35 |   0.0 |       0 |       2 |   0.0 |    51
               +---------+---------+-------+---------+---------+-------+---------

Vault maps used:
D:1:      shiori_arrival_maze, minivault_26
D:2:      lemuel_coloured_pillars_altar
D:3:      cheibrodos_helix_gallery, lemuel_crystal_altar, grunt_ministairs_13,
          uniq_robin
D:4:      ashenzari_altar_1, uniq_ijyb
